Map: White Rabbit LE

Players

HoldTheDoor - Winner!

  • Race: Protoss Protoss
  • League: Diamond
  • Spawn Location: 7:00

Mikobro

  • Race: Protoss Protoss
  • League: Diamond
  • Spawn Location: 1:00

VOD

Have the link to the VOD?

Description

Time

  • Played on: May 9, 2026, 12:43 p.m.
  • Length: 7:16
Show
View Real Time Build Order
Export as new Build Order

HoldTheDoor Protoss - Winner!

Build Orders:  

Get SALT Encoding   

  12  0:00  Probe  
  13  0:12  Probe  
  14  0:17  Pylon  
  14  0:23  Probe  
  15  0:31  Probe  
  16  0:39  Probe, Gateway  
  16  0:49  Assimilator  
  17  0:50  Probe  
  18  1:01  Assimilator  
  18  1:05  Probe  
  19  1:14  Assimilator  
  19  1:17  Probe  
  20  1:20  Gateway  
  20  1:27  Cybernetics Core  
  20  1:29  Probe  
  21  1:37  Pylon  
  21  1:42  Probe  
  22  1:54  Probe  
  23  1:58  Warp Gate  
  23  2:03  Stalker  
  23  2:04  Stalker  
  23  2:06  Probe  
  28  2:15  Pylon  
  28  2:18  Probe  
  29  2:30  Probe  
  29  2:31  Stalker  
  29  2:33  Sentry  
  34  2:42  Probe  
  35  3:12  Robotics Facility  
  35  3:20  Twilight Council  
  35  3:23  Pylon  
  35  3:26  Gateway  
  35  3:29  Gateway  
  35  3:39  Probe  
  36  3:42  Charge  
  36  3:48  Stalker  
  38  3:49  Stalker  
  40  3:56  Probe  
  41  4:07  Immortal  
  45  4:16  Zealot  
  47  4:27  Pylon x2  
  47  4:32  Pylon  
  47  4:44  Pylon  
  47  4:46  Warp Prism  
  47  4:48  Pylon  
  47  4:51  Zealot  
  51  4:53  Zealot  
  53  5:10  Zealot x2  
  53  5:12  Zealot  
  59  5:15  Zealot  
  61  5:50  Zealot x4  
  63  6:11  Zealot x4  
  61  6:37  Zealot x4  
  69  6:59  Zealot x4  
Show
View Real Time Build Order
Export as new Build Order

Mikobro Protoss 

Build Orders:  

Get SALT Encoding   

  12  0:00  Probe  
  13  0:12  Probe  
  14  0:17  Pylon  
  14  0:23  Probe  
  15  0:31  Probe  
  15  0:38  Gateway  
  16  0:43  Probe  
  16  0:45  Assimilator  
  17  0:55  Probe  
  18  1:27  Cybernetics Core  
  18  1:29  Pylon  
  18  1:36  Probe  
  19  1:48  Probe  
  20  2:05  Robotics Facility  
  20  2:13  Probe  
  20  2:20  Nexus  
  20  2:21  Probe  
  20  2:22  Pylon  
  21  2:25  Warp Gate  
  22  2:31  Probe  
  23  2:43  Probe  
  24  2:52  Immortal  
  24  2:55  Probe  
  29  3:02  Shield Battery  
  28  3:07  Stalker  
  30  3:13  Probe  
  31  3:21  Probe  
  31  3:24  Assimilator  
  32  3:30  Gateway, Probe, Pylon  
  33  3:40  Probe  
  33  3:41  Probe  
  33  3:48  Probe  
  35  3:49  Probe  
  37  3:57  Probe  
  37  3:58  Probe, Immortal  
  43  4:09  Probe  
  44  4:10  Probe  
  44  4:12  Forge  
  45  4:21  Probe  
  46  4:27  Probe  
  46  4:29  Robotics Facility  
  47  4:33  Probe  
  47  4:34  Protoss Ground Weapons Level 1  
  47  4:38  Shield Battery  
  48  4:39  Probe  
  48  4:45  Probe  
  50  4:46  Immortal  
  50  4:51  Probe  
  55  4:56  Assimilator  
  55  4:57  Probe  
  55  4:59  Pylon  
  56  5:08  Assimilator  
  56  5:12  Pylon  
  56  5:14  Photon Cannon  
  56  5:16  Observer  
  57  5:25  Immortal, Stalker  
  59  5:32  Nexus  
  59  5:34  Observer  
  64  5:35  Pylon  
  64  5:48  Stalker  
  66  5:50  Stalker  
  66  5:56  Immortal  
  43  6:19  Stalker  
  43  6:20  Stalker  
  43  6:21  Immortal  
  49  6:29  Immortal  
  44  6:36  Shield Battery  
  44  6:37  Shield Battery  
  44  6:39  Shield Battery  
  44  6:45  Zealot  
  42  6:58  Zealot  
Tags
 
Matchup
PvP
Replay Pack
SC2Mai2026
Spawn Locations
Cross Positions
Add a new tag
Caveats
  • Supply blocks, unpowered buildings, or Contaminate may cause inaccurate times.
  • Supply counts are checked every 10 seconds.